 Dungeon Crawl Stone Soup version 0.18.1-8-gdd0e5ea (webtiles) character file.

99 Shearov the Conjurer (level 4, 0/27 HPs)
             Began as a High Elf Conjurer on June 2, 2016.
             Slain by Purgy (2 damage)
             ... on level 3 of the Dungeon.
             The game lasted 00:09:00 (1794 turns).

Shearov the Conjurer (High Elf Conjurer)            Turns: 1794, Time: 00:09:00

Health: 0/27       AC:  2    Str:  8    XL:     4   Next: 45%
Magic:  0/10       EV: 16    Int: 19    God:
Gold:   116        SH:  0    Dex: 15    Spells: 3 memorised, 3 levels left

rFire  . . .     SeeInvis .     (no weapon)
rCold  . . .     Gourm    .     a - +0 robe
rNeg   + . .     Faith    .     (no shield)
rPois  .         Spirit   .     (no helmet)
rElec  .         Dismiss  .     (no cloak)
rCorr  .         Reflect  .     (no gloves)
SustAt .         Harm     .     (no boots)
MR     .....                    (no amulet)
Stlth  ++........               o - +3 ring of evasion
                                l - ring of positive energy

@: not resistant to hostile enchantments, unstealthy
A: no striking features
a: no special abilities


You were on level 3 of the Dungeon.
You were not hungry.

You visited 1 branch of the dungeon, and saw 3 of its levels.

You collected 116 gold pieces.

Inventory:

Armour
 a - a +0 robe (worn)
Jewellery
 l - a ring of positive energy (left hand)
 o - a +3 ring of evasion (right hand)
Wands
 u - a wand of enslavement (12/24)
Scrolls
 e - 3 scrolls of remove curse
 i - 3 scrolls of identify
 j - a scroll of amnesia {unknown}
 n - a scroll of recharging
 p - 2 scrolls of teleportation
 r - a scroll of enchant armour {unknown}
Potions
 m - a potion of flight {unknown}
 q - a potion of curing {unknown}
 s - a potion of ambrosia {unknown}
Books
 b - a book of Conjurations

   Spells                             Type                      Level
   a - Magic Dart                     Conjuration                  1
   b - Searing Ray                    Conjuration                  2
   c - Dazzling Spray                 Conjuration/Hexes            3
   d - Fulminant Prism                Conjuration/Hexes            4
   e - Iskenderun's Mystic Blast      Conjuration                  4
   f - Iskenderun's Battlesphere      Conjuration/Charms           5
Comestibles
 c - 2 bread rations
 f - a beef jerky
 g - 3 slices of pizza
 h - 3 meat rations
 k - a royal jelly
 t - a chunk of flesh


   Skills:
 + Level 2.5 Dodging
 + Level 2.3 Stealth
 + Level 0.4 Unarmed Combat
 * Level 3.5 Spellcasting
 * Level 5.5 Conjurations


You had 3 spell levels left.
You knew the following spells:

 Your Spells              Type           Power        Failure   Level  Hunger
a - Magic Dart            Conj           ###.         1%          1    None
b - Searing Ray           Conj           ###...       2%          2    ##.....
c - Fulminant Prism       Conj/Hex       ##........   50%         4    ####...


Dungeon Overview and Level Annotations

Branches:
Dungeon (3/15)

Altars:
Cheibriados
Gozag
Vehumet

Shops:
D:2 *

Annotations:
D:3 Purgy


Message History

Confirm with . or Enter, or press ? or * to list all spells.
Aiming: Magic Dart
Press: ? - help, Shift-Dir - straight line, f/p - Purgy
Aim: Purgy (severely wounded)
The magic dart hits Purgy.
Purgy is severely wounded.
Purgy misses you. Purgy closely misses you. Purgy barely misses you.
Casting: Magic Dart
Confirm with . or Enter, or press ? or * to list all spells.
Aiming: Magic Dart
Press: ? - help, Shift-Dir - straight line, f/p - Purgy
Aim: Purgy (severely wounded)
The magic dart hits Purgy.
Purgy is almost dead.
Purgy closely misses you. Purgy claws you but does no damage. Purgy misses you.
Drink which item? (? for menu, Esc to quit)
It was a potion of cure mutation.
It has a very clean taste.
Purgy bites you.
* * * LOW HITPOINT WARNING * * *
Purgy claws you.
You die...

##.......... ##.## # ##.#........
...# #..# # ...#####... ...# ##.#
# ...#### ### .?.# #.## # ##....#
...# ##..####### ##....#
..)###.......... #.....####
######...#............
.._......###........#.#..........
....##.....'...T@..##.#..........
...###..####.......##.#.....#####
...###..# #.......##.+..........
##.†....####...%...####....#.####
##.........#.......# #...##..# #
.#.#.#.....#.......# #.....#.# #
...#.#)†...#....#### ###### .. #
####.#.....#....# #.##
.....#.....####.# .##


You could see Purgy.

Vanquished Creatures
  3 adders
  A worm (D:2)
  4 dart slugs
  A giant gecko (D:3)
  2 orcs (D:3)
  10 bats
  5 giant cockroaches
  7 goblins
  7 hobgoblins
  5 kobolds
  2 quokkas
  6 rats
53 creatures vanquished.

Notes
Turn   | Place    | Note
--------------------------------------------------------------
     0 | D:1      | Shearov the High Elf Conjurer began the quest for the Orb.
     0 | D:1      | Reached XP level 1. HP: 11/11 MP: 4/4
   355 | D:1      | Reached XP level 2. HP: 17/17 MP: 2/6
   514 | D:1      | Reached skill level 5 in Conjurations
   817 | D:2      | Reached XP level 3. HP: 21/21 MP: 4/8
   968 | D:1      | Learned a level 2 spell: Searing Ray
  1244 | D:2      | Found a snail-covered altar of Cheibriados.
  1249 | D:2      | Reached XP level 4. HP: 27/27 MP: 1/9
  1264 | D:2      | Learned a level 4 spell: Fulminant Prism
  1328 | D:2      | Found an opulent altar of Gozag.
  1356 | D:2      | Found Gozag's Platinum Reserve.
  1614 | D:3      | Found a radiant altar of Vehumet.
  1777 | D:3      | Noticed Purgy
  1794 | D:3      | Slain by Purgy

Skill      XL: |  1  2  3 |
---------------+----------+-----
Conjurations   | 5 |  5.5
Spellcasting   | 3 |  3.5
Dodging        | |  2.5
Stealth        | |  2.3
Unarmed Combat | |  0.4

Action                   |  1- 3 |  4- 6 || total
-------------------------+-------+-------++-------
Melee: Unarmed           |    13 |       ||    13
 Cast: Magic Dart        |    84 |    33 ||   117
       Searing Ray       |     2 |     1 ||     3
  Use: Scroll            |     5 |       ||     5
       Potion            |     2 |     1 ||     3
  Eat: Chunk             |     1 |     2 ||     3
Armor: Robe              |     3 |     4 ||     7
Dodge: Dodged            |    24 |    29 ||    53
